 Dungeon Crawl Stone Soup version 0.21.1-1-g345015f (webtiles) character file.

84 Monsterracer the Ruffian (level 4, 0/35 HPs)
             Began as a Draconian Arcane Marksman on Feb 9, 2018.
             Was a Believer of Zin.
             Splashed by a jelly's acid (8 damage)
             ... on level 3 of the Dungeon.
             The game lasted 00:02:53 (1838 turns).

Monsterracer the Ruffian (DrAM)                     Turns: 1838, Time: 00:02:54

Health: 0/35       AC: -2    Str: 13    XL:     4   Next: 23%
Magic:  5/5        EV: 12    Int: 14    God:    Zin [**....]
Gold:   132        SH:  0    Dex: 11    Spells: 1/5 levels left

rFire    . . .     SeeInvis .     - Unarmed
rCold    . . .     Gourm    .   (no shield)
rNeg     . . .     Faith    .   (armour unavailable)
rPois    .         Spirit   .   (helmet restricted)
rElec    .         Reflect  .   (no cloak)
rCorr    .         Harm     .   (no gloves)
MR       .....                  e - +0 pair of boots
Stlth    +.........             (no amulet)
HPRegen  0.11/turn              (no ring)
MPRegen  0.09/turn              (no ring)

@: corroded
A: unfitting armour, cold-blooded, AC +5
a: Recite, Vitalisation, Donate Gold, Renounce Religion


You were on level 3 of the Dungeon.
You worshipped Zin.
Zin was pleased with you.
You were not hungry.

You visited 1 branch of the dungeon, and saw 3 of its levels.

You collected 146 gold pieces.
You donated 14 gold pieces to Zin.

Inventory:

Missiles
 b - 5 javelins
 d - 2 throwing nets
 p - 40 stones (quivered)
Armour
 e - a +0 pair of boots (worn)
Scrolls
 f - 2 scrolls of fear {unknown}
 g - a scroll of enchant weapon {unknown}
 h - a scroll of remove curse {unknown}
 j - 3 scrolls of fog {unknown}
 k - 2 scrolls of enchant armour {unknown}
 m - a scroll of identify {unknown}
 o - a scroll of magic mapping {unknown}
Potions
 i - 3 potions of degeneration {unknown}
 l - 5 potions of curing {unknown}
 n - a potion of heal wounds {unknown}
Books
 a - a book of Debilitation

   Spells                             Type                      Level
   a - Corona                         Hexes                        1
   b - Slow                           Hexes                        2
   c - Inner Flame                    Hexes/Fire                   3
   d - Portal Projectile              Hexes/Translocation          3
   e - Cause Fear                     Hexes                        4
   f - Leda's Liquefaction            Hexes/Earth                  4
Comestibles
 c - 2 rations


   Skills:
 - Level 1.1 Fighting
 - Level 1.7 Throwing
 - Level 1.7 Dodging
 + Level 3.9 Unarmed Combat
 - Level 1.0 Spellcasting
 - Level 2.6 Hexes


You had one spell level left.
You knew the following spells:

 Your Spells              Type           Power        Failure   Level  Hunger
a - Corona                Hex            #......      9%          1    ##.....
c - Portal Projectile     Hex/Tloc       #.....       41%         3    ####...


Dungeon Overview and Level Annotations

Branches:
Dungeon (3/15)

Altars:
Fedhas
Zin


Innate Abilities, Weirdness & Mutations

Your plain brown scales are hard. (AC +5)
You cannot fit into any form of body armour.
You are cold-blooded and may be slowed by cold attacks.


Message History

The jackal barely misses you.
You hit the jackal.
The jackal is lightly wounded.
The jackal barely misses you.
You hit the jackal.
The jackal is moderately wounded.
The jackal bites you.
You take 3 damage, and have 32/35 hp.
You completely miss the jackal.
Your tail-slap misses the jackal.
The jackal is moderately wounded.
The jackal bites you but does no damage. x2
You closely miss the jackal.
The jackal is moderately wounded.
The jackal bites you but does no damage.
You barely miss the jackal.
The jackal is moderately wounded.
The jackal bites you but does no damage.
You hit the jackal.
Your tail-slap misses the jackal.
The jackal is severely wounded.
The jackal barely misses you. The jackal closely misses you.
You miss the jackal.
Your tail-slap misses the jackal.
The jackal is severely wounded.
The jackal barely misses you.
You hit the jackal.
You kill the jackal!
Things that are here:
a dagger; a goblin corpse; a kobold corpse No target in view!
No target in view!
A jackal is nearby!
A jelly comes into view.
The jackal barks!
The jelly quivers.
The jackal barely misses you.
You barely miss the jackal.
Your tail-slap misses the jackal.
The jackal bites you but does no damage.
You hit the jelly.
Your hands burn!
The jelly is lightly wounded.
The jackal closely misses you. The jelly barely misses you.
The jackal closely misses you.
You take 4 damage, and have 29/35 hp.
You hit the jelly. The acid corrodes you!
Your hands burn!
The jelly is lightly wounded.
The jackal closely misses you. The jelly barely misses you.
You take 5 damage, and have 24/35 hp.
The jackal bites you but does no damage.
Things that are here:
a dagger; a goblin corpse; a kobold corpse The jackal misses you. x2
The jackal bites you but does no damage.
The jackal bites you but does no damage.
The jackal misses you. The jackal barely misses you.
The jackal closely misses you. The jackal closely misses you. x2
The jackal barely misses you.
You hit the jackal but do no damage. The jackal barely misses you.
You hit the jackal but do no damage.
You are no longer corroded.
The jackal bites you but does no damage.
The jackal bites you.
You completely miss the jackal.
The jackal bites you but does no damage.
You hit the jackal but do no damage. The jackal bites you.
You take 1 damage, and have 24/35 hp.
You hit the jackal.
The jackal is severely wounded.
The jackal bites you but does no damage.
You hit the jackal.
You tail-slap the jackal, but do no damage.
The jackal is almost dead.
The jackal barely misses you.
The jackal bites you but does no damage.
You hit the jackal but do no damage.
The jackal is severely wounded.
The jackal bites you.
You take 1 damage, and have 23/35 hp.
You barely miss the jackal.
The jackal is heavily wounded.
The jackal bites you.
You take 2 damage, and have 21/35 hp.
You punch the jackal!
You kill the jackal!
You hit the jelly. The acid corrodes you!
Your hands burn!
The jelly is lightly wounded.
The jelly hits you.
* * * LOW HITPOINT WARNING * * *
The acid corrodes you!
You are splashed with acid!
The acid burns!
* * * LOW HITPOINT WARNING * * *
You take 14 damage, and have 7/35 hp.
MASSIVE DAMAGE!!
The jelly closely misses you.
The jelly jiggles.
The jelly hits you.
* * * LOW HITPOINT WARNING * * *
You are splashed with acid!
The acid burns!
You die...

#.# #.# #.....
#.########.# #.....
#.#.....<#.# #.....
#.#.#...##.# #.....
#.#.#...##'###.....
#.#.#....†.........
#.#................
#J###..............
#.@)'..............
#####...######.....
#####..........
#..........
#..........
#........##
#........#
#........#
#........#


You could see a jelly.

Vanquished Creatures
  Terence (D:2)
  An adder (D:2)
  An ooze (D:2)
  2 dart slugs (D:1)
  3 leopard geckos
  3 bats (D:1)
  3 giant cockroaches
  3 goblins
  8 hobgoblins
  2 jackals (D:3)
  2 kobolds
  A ball python (D:2)
  A frilled lizard (D:1)
  4 rats
35 creatures vanquished.

Notes
Turn   | Place    | Note
-------+----------+-------------------------------------------
     0 | D:1      | Monsterracer the Draconian Arcane Marksman began the quest for the Orb.
     0 | D:1      | Reached XP level 1. HP: 16/16 MP: 2/2
    76 | D:1      | HP: 8/16 [leopard gecko (4)]
    83 | D:1      | Reached skill level 1 in Unarmed Combat
   391 | D:1      | Reached XP level 2. HP: 13/23 MP: 3/3
   640 | D:1      | Reached skill level 2 in Unarmed Combat
  1048 | D:1      | Reached XP level 3. HP: 28/28 MP: 4/4
  1053 | D:1      | Learned a level 3 spell: Portal Projectile
  1156 | D:2      | Reached skill level 3 in Unarmed Combat
  1447 | D:2      | Found a blossoming altar of Fedhas.
  1566 | D:2      | Noticed Terence
  1573 | D:2      | Killed Terence
  1573 | D:2      | Reached XP level 4. HP: 35/35 MP: 5/5
  1594 | D:2      | Found a faded altar of an unknown god.
  1611 | D:2      | Became a worshipper of Zin the Law-Giver
  1611 | D:2      | Reached * piety under Zin
  1611 | D:2      | Reached ** piety under Zin
  1820 | D:3      | HP: 16/35 [jelly (3)]
  1820 | D:3      | HP: 7/35 [acid (9)]
  1838 | D:3      | HP: 8/35 [jelly (1)]
  1838 | D:3      | Splashed by a jelly's acid

Skill      XL: |  1  2  3 |
---------------+----------+-----
Unarmed Combat | 1 2 3 |  3.9
Fighting       | |  1.1
Throwing       | |  1.7
Dodging        | |  1.7
Spellcasting   | |  1.0
Hexes          | |  2.6

Action                   |  1- 3 |  4- 6 || total
-------------------------+-------+-------++-------
Melee: Unarmed           |   143 |    37 ||   180
       Tailslap          |    15 |     3 ||    18
Throw: Javelin           |     7 |       ||     7
 Stab: Sleeping          |     1 |       ||     1
       Distracted        |       |     1 ||     1
  Eat: Chunk             |     2 |     1 ||     3
Armor: Skin              |    46 |    15 ||    61
Dodge: Dodged            |   110 |    30 ||   140

Vault maps used:
D:1:      matt_arrival_refuge, minmay_crystal_water
D:2:      old_standard_altar, chequers_ecumenical_altar_island, uniq_terence
D:3:      first_ration, minmay_divided_ellipse
